 Dungeon Crawl Stone Soup version 0.20-a0-222-gb69ddcd (webtiles) character file.

16359 Ijustatesigmund the Nimble (level 12, -25/112 HPs)
             Began as a Minotaur Monk on Nov 29, 2016.
             Was an Elder of Ashenzari.
             Annihilated by a very large slime creature (41 damage)
             ... on level 12 of the Dungeon.
             The game lasted 00:38:33 (13176 turns).

Ijustatesigmund the Nimble (Minotaur Monk)         Turns: 13176, Time: 00:38:35

Health: -25/112    AC: 15    Str: 17    XL:     12   Next: 9%
Magic:  11/11      EV: 12    Int:  7    God:    Ashenzari [****..]
Gold:   635        SH: 10    Dex: 17    Spells: 9/11 levels left

rFire  + . .     SeeInvis +     a - +0 hand axe (venom)
rCold  + . .     Gourm    .     v - +1 chain mail {rF+}
rNeg   . . .     Faith    .     h - +0 shield
rPois  .         Spirit   .     (helmet restricted)
rElec  .         Reflect  .     j - +3 cloak of the Neverending Lives {Stlth+} (curse)
rCorr  +         Harm     .     (no gloves)
MR     .....     Clarity  +     (no boots)
Stlth  ..........               (no amulet)
                                o - ring of resist corrosion
                                P - ring of protection from cold (curse)

@: no status effects
A: retaliatory headbutt, horns 2
a: Curse Item, Scrying, Renounce Religion


You were on level 12 of the Dungeon.
You worshipped Ashenzari.
Ashenzari was greatly pleased with you.
You were not hungry.

You visited 3 branches of the dungeon, and saw 14 of its levels.
You also visited: Sewer and Bailey.

You collected 635 gold pieces.

Inventory:

Hand Weapons
 a - a +0 hand axe of venom (weapon)
 K - a +0 flail
Missiles
 O - 8 throwing nets (quivered)
Armour
 h - a +0 shield (worn)
 j - the cursed +3 cloak of the Neverending Lives (worn) {Stlth+}
   (You acquired it on level 6 of the Dungeon)

   It makes you more stealthy.
   It has a curse placed upon it.
 s - a +2 cloak of invisibility
 v - a +1 chain mail of fire resistance (worn)
Jewellery
 o - a ring of resist corrosion (right hand)
 r - an uncursed ring of stealth
 F - an uncursed amulet of harm
 I - an uncursed ring of positive energy
 P - a cursed ring of protection from cold (left hand)
Wands
 q - a wand of random effects (35/48)
 t - a wand of digging (15/24)
 x - a wand of flame (6/48)
 y - a wand of lightning (1/15)
 E - a wand of confusion (31/48)
 G - a wand of iceblast (9/15)
 H - a wand of slowing (13/48)
 J - a wand of random effects (29/48)
 M - a wand of polymorph (12/24)
Scrolls
 d - 2 scrolls of teleportation
 e - 3 scrolls of recharging
 k - 4 scrolls of amnesia
 u - 4 scrolls of remove curse
 w - 2 scrolls of fog
 D - a scroll of blinking
Potions
 b - a potion of resistance
 g - 6 potions of curing
 i - a potion of heal wounds
 m - 4 potions of flight
 p - 2 potions of lignification
 z - a potion of magic
 A - 2 potions of agility
 B - a potion of haste
 N - a potion of brilliance {unknown}
Comestibles
 c - 3 bread rations
 f - 5 fruits
 l - 4 meat rations
 n - a beef jerky


   Skills:
 - Level 12.0 Fighting
 - Level 11.9 Axes
 - Level 5.2 Armour
 + Level 12.5 Dodging
 - Level 1.5 Stealth
 - Level 6.1 Shields
 - Level 4.1 Translocations


You had 9 spell levels left.
You knew the following spells:

 Your Spells              Type           Power        Failure   Level  Hunger
a - Blink                 Tloc           N/A          100%        2    ###....


Dungeon Overview and Level Annotations

Branches:
Dungeon (12/15)            Temple (1/1) D:4            Lair (1/6) D:10
    Orc: D:9-12

Altars:
Ashenzari
Cheibriados
Dithmenos
Elyvilon
Fedhas
Gozag
Hepliaklqana
Kikubaaqudgha
Makhleb
Nemelex Xobeh
Okawaru
Qazlal
Ru
Sif Muna
Trog
Uskayaw
Vehumet
Xom
Yredelemnul
Zin
The Shining One


Innate Abilities, Weirdness & Mutations

You reflexively headbutt those who attack you in melee.
You have a pair of horns on your head.


Message History

You hit the very large slime creature.
You headbutt the very large slime creature.
The very large slime creature is almost dead.
You block the very large slime creature's attack.
Your shield and chain mail prevent you from hitting the very large slime creature.
The very large slime creature is almost dead.
The very large slime creature hits you!!!
* * * LOW HITPOINT WARNING * * *
Evoke which item? (* to show all) (? for menu, Esc to quit)
Zapping:
y - a wand of lightning (?/15) (will waste charges)
Press: ? - help, Shift-Dir - straight line, f/p - very large slime creature
Aim: a very large slime creature (almost dead, poisoned)
You hear a mighty clap of thunder!
The bolt of lightning hits the very large slime creature.
The very large slime creature is almost dead.
The bolt of lightning hits the very large slime creature.
The very large slime creature is almost dead.
Evoking this partially-identified wand wasted a few charges.
The very large slime creature hits you!!!
You die...

* *
#.#.......,,
* **
#.#.#...###
, 8 * **,,
#.#.##.####*
,*
#.........#
, ,, , *
###.##.##. *
, ,, #.#* ,*
, ,* #.#* *,
, *, ,* #.#
* , *8 * *
#@# ,*,* * *
, #J# * ,
*,* * * #.#*
,* #.. , ,*
**,,** **
### , * ,**
, ,, * ** *,
** ,* * , ,
,* * * * * *
*


You could see a very large slime creature.

Vanquished Creatures
  A hydra (D:10)
  2 unseen horrors
  Pikel (D:6)
  2 hill giants
  An ugly thing (D:11)
  A cyclops (D:11)
  A gargoyle (D:11)
  2 trolls
  A hornet (D:8)
  2 slime creatures (D:12)
  2 hippogriffs
  Prince Ribbit (D:6)
  A wraith (D:11)
  2 wyverns
  Grum (D:8)
  Eustachio (D:5)
  14 yaks
  2 hungry ghosts
  An acid dragon (D:11)
  3 porcupines (D:10)
  5 orc warriors
  2 ice beasts
  A slave (D:6)
  6 black bears
  A necrophage (D:10)
  A phantom (D:9)
  2 sky beasts
  7 ogres
  3 wolves (D:8)
  7 centaurs
  2 crocodiles (D:10)
  2 big kobolds
  8 gnoll sergeants (Bailey)
  A bullfrog (D:8)
  A wyvern skeleton (D:7)
  2 wyvern zombies (D:9)
  3 scorpions
  5 killer bees (D:7)
  6 wights
  3 howler monkeys
  3 crimson imps
  2 bullfrog zombies
  2 quasits
  Crazy Yiuf (D:3)
  6 hounds
  3 jellies
  2 centaur skeletons
  9 orc priests
  12 orc wizards
  5 bullfrog skeletons
  6 gnoll shamans (Bailey)
  3 iguanas
  13 worker ants
  A hound skeleton (D:10)
  17 gnolls
  3 river rats (Sewer)
  8 adders
  4 shadow imps
  2 oozes
  An adder skeleton (D:4)
  A worm (D:3)
  3 dart slugs
  5 leopard geckos
  34 orcs
  3 ball pythons
  3 giant cockroaches
  17 goblins
  5 hobgoblins
  17 jackals
  17 kobolds
  2 quokkas
  7 bats
  2 frilled lizards
  A leopard gecko skeleton (D:6)
  16 rats
  4 fungi (D:10)
350 creatures vanquished.

Vanquished Creatures (others)
  A slave (D:6)
  An orc wizard (D:6)
  8 fungi (D:10)
  A plant (D:10)
11 creatures vanquished.

Grand Total: 361 creatures vanquished

Notes
Turn   | Place    | Note
-------+----------+-------------------------------------------
     0 | D:1      | Ijustatesigmund the Minotaur Monk began the quest for the Orb.
     0 | D:1      | Reached XP level 1. HP: 19/19 MP: 0/0
    82 | D:1      | Reached XP level 2. HP: 24/27 MP: 1/1
   365 | D:1      | Reached XP level 3. HP: 32/34 MP: 2/2
  1104 | D:2      | Reached XP level 4. HP: 34/41 MP: 3/3
  1107 | D:2      | Reached skill level 5 in Axes
  1285 | D:2      | Reached skill level 5 in Fighting
  2132 | D:3      | Found a runed door.
  2136 | D:3      | Noticed Crazy Yiuf
  2150 | D:3      | Killed Crazy Yiuf
  2150 | D:3      | Reached XP level 5. HP: 25/48 MP: 4/4
  2687 | D:4      | Reached skill level 1 in Armour
  2687 | D:4      | Reached XP level 6. HP: 45/57 MP: 5/5
  2712 | D:4      | Found a staircase to the Ecumenical Temple.
  2721 | Temple   | Entered the Ecumenical Temple
  2802 | Temple   | Became a worshipper of Ashenzari the Shackled
  2802 | Temple   | Reached * piety under Ashenzari
  2802 | Temple   | Reached ** piety under Ashenzari
  2927 | D:4      | Found a white marble altar of Elyvilon.
  2930 | D:4      | Found a radiant altar of Vehumet.
  2933 | D:4      | Found a stormy altar of Qazlal.
  2936 | D:4      | Found a burning altar of Makhleb.
  3185 | D:4      | Found a glowing golden altar of the Shining One.
  3321 | D:5      | Entered Level 5 of the Dungeon
  3330 | D:5      | Noticed Eustachio
  3337 | D:5      | Reached XP level 7. HP: 33/64 MP: 6/6
  3354 | D:5      | Killed Eustachio
  3983 | D:6      | Noticed Prince Ribbit
  3999 | D:6      | Killed Prince Ribbit
  3999 | D:6      | Reached skill level 5 in Armour
  3999 | D:6      | Reached XP level 8. HP: 34/74 MP: 7/7
  4035 | D:6      | Found an ancient bone altar of Kikubaaqudgha.
  4228 | D:6      | Found a glowing drain.
  4236 | Sewer    | Entered a sewer
  4432 | Sewer    | Found a glowing silver altar of Zin.
  4665 | D:6      | Identified a scroll of acquirement
  4668 | D:6      | Got the cursed cloak of the Neverending Lives {Stlth+}
  4679 | D:6      | Identified the cursed +3 cloak of the Neverending Lives {Stlth+} (You acquired it on level 6 of the Dungeon)
  4763 | D:6      | Found a burning altar of Makhleb.
  4773 | D:6      | Noticed Pikel
  4798 | D:6      | Killed Pikel
  4798 | D:6      | Reached XP level 9. HP: 70/85 MP: 8/8
  4811 | D:6      | Reached skill level 10 in Fighting
  4811 | D:6      | Reached skill level 10 in Axes
  5547 | D:7      | Reached skill level 1 in Shields
  5610 | D:7      | Reached *** piety under Ashenzari
  6362 | D:8      | Noticed a troll
  6370 | D:8      | Killed a troll
  6608 | D:8      | Noticed Grum
  6617 | D:8      | Reached XP level 10. HP: 67/96 MP: 9/9
  6625 | D:8      | Killed Grum
  7037 | D:8      | Found a burning altar of Makhleb.
  7070 | D:8      | Reached skill level 5 in Shields
  7818 | D:9      | Found a sparkling altar of Nemelex Xobeh.
  7882 | D:9      | Learned a level 2 spell: Blink
  7909 | D:9      | Reached skill level 1 in Translocations
  8245 | D:10     | Entered Level 10 of the Dungeon
  8311 | D:10     | Found a snail-covered altar of Cheibriados.
  8338 | D:10     | Noticed a four-headed hydra
  9366 | D:10     | Reached skill level 5 in Dodging
  9688 | D:10     | Found a staircase to the Lair.
  9718 | Lair:1   | Entered Level 1 of the Lair of Beasts
  9800 | D:10     | Reached XP level 11. HP: 89/104 MP: 10/10
  9911 | D:10     | Noticed a hill giant
  9926 | D:10     | Killed a hill giant
 10264 | D:10     | Noticed an unseen horror
 10288 | D:10     | Killed an unseen horror
 10523 | D:10     | Killed a four-headed hydra
 10791 | D:11     | Noticed a hill giant
 10807 | D:11     | Killed a hill giant
 10807 | D:11     | Reached skill level 10 in Dodging
 10844 | D:11     | Found a flagged portal.
 10917 | Bailey   | Entered a bailey
 11508 | Bailey   | Got the cursed chain mail "Tutz" {Str+6 Dex-2}
 11519 | Bailey   | Identified the cursed +1 chain mail "Tutz" {Str+6 Dex-2} (You found it in a bailey)
 12347 | D:11     | Identified the cursed +1 cloak of Purpose {rCorr Str+4 Int-4 Dex+6} (You acquired it on level 11 of the Dungeon)
 12476 | D:11     | Reached **** piety under Ashenzari
 12716 | D:11     | Noticed an unseen horror
 12726 | D:11     | Killed an unseen horror
 12811 | D:11     | Noticed a white ugly thing
 12828 | D:11     | Killed a white ugly thing
 12828 | D:11     | Reached XP level 12. HP: 66/112 MP: 11/11
 13176 | D:12     | Annihilated by a very large slime creature

Vault maps used:
D:1:      matt_arrival_los_fun
D:3:      patterned_corridor, uniq_crazy_yiuf_cottage
D:4:      lemuel_upstairs_altar, tso_oasis_becter,
          grunt_temple_overflow_cloverleaf, first_bread, minmay_goblin_outpost
D:5:      uniq_eustachio
D:6:      lemuel_doored_altar, basic_altar, lightli_sewer_entry_pipes,
          uniq_prince_ribbit1, uniq_pikel
D:8:      basic_altar, uniq_grum
D:9:      nemelex_xobeh_ov_fountains_minmay
D:10:     due_lair_maze_entry_diamond, basic_altar
D:11:     enter_bailey_3
D:12:     david_orc_4
Temple:   nicolae_temple_great_sept
Lair:1:   columned_hall_lemuel, serial_bayou_pond_e, grunt_megastairs_2,
          minmay_lair_oklob_chamber, uniq_harold
Sewer:    sewer_kobolds
Bailey:   bailey_polearm_gnolls_kennysheep, bailey

Skill      XL: |  1  2  3  4  5  6  7  8  9 10 11 |
---------------+----------------------------------+-----
Fighting       | 4 5 6 8 9 11 12 | 12.0
Axes           | 4 5 6 8 9 11 | 11.9
Armour         | 1 3 5 |  5.2
Shields        | 4 6 |  6.1
Translocations | 4 |  4.1
Dodging        | 5 12 | 12.5
Stealth        | |  1.5

Action                   |  1- 3 |  4- 6 |  7- 9 | 10-12 || total
-------------------------+-------+-------+-------+-------++-------
Melee: Hand axe          |   100 |   172 |   322 |   744 ||  1338
       Headbutt          |     7 |    27 |    67 |   232 ||   333
       Flail             |       |       |       |     6 ||     6
Throw: Throwing net      |       |       |       |     1 ||     1
 Abil: Evoke Invisibilit |       |     1 |       |       ||     1
Evoke: Wand              |       |       |     2 |     5 ||     7
  Use: Scroll            |     5 |     7 |     7 |     9 ||    28
       Potion            |       |     2 |     3 |     6 ||    11
 Stab: Sleeping          |     2 |       |       |       ||     2
       Invisible         |       |     1 |       |       ||     1
       Confused          |       |       |       |     4 ||     4
  Eat: Chunk             |       |     8 |     8 |    19 ||    35
       Beef jerky        |       |       |     1 |     1 ||     2
       Pizza             |       |       |       |     2 ||     2
       Royal jelly       |       |       |       |     1 ||     1
       Bread ration      |       |       |       |     1 ||     1
Armor: Robe              |    11 |       |       |       ||    11
       Ring mail         |    10 |    37 |       |       ||    47
       Chain mail        |       |    52 |   149 |   248 ||   449
Dodge: Dodged            |    69 |   100 |    82 |   238 ||   489
Block: Shield            |       |       |    70 |   346 ||   416
